 Dungeon Crawl Stone Soup version 0.29.1-2-gbd0b4ee654 (webtiles) character file.

Game seed: 836090453531455066

32 GorkyZ the Conjurer (level 3, -2/21 HPs)
             Began as an Octopode Conjurer on Nov 14, 2022.
             Slain by a goblin
             ... wielding a +0 club
             ... led by Robin
              (3 damage)
             ... on level 2 of the Dungeon.
             The game lasted 00:06:24 (1442 turns).

GorkyZ the Conjurer (Octopode Conjurer)             Turns: 1442, Time: 00:06:26

Health: -2/21      AC:  1    Str:  6    XL:     3   Next: 25%
Magic:  6/6        EV: 13    Int: 22    God:
Gold:   48         SH:  0    Dex: 10    Spells: 5/6 levels left

rFire   . . .      SeeInvis .   (no weapon)
rCold   . . .      Faith    .   (no shield)
rNeg    . . .      Spirit   .   (helmet restricted)
rPois   .          Reflect  .   (no amulet)
rElec   .          Harm     .   (no ring)
rCorr   .          Rampage  .   (no ring)
Will    .....                   (no ring)
Stlth   +++.......              (no ring)
HPRegen 0.07/turn               (no ring)
MPRegen 0.10/turn               (no ring)
                                (no ring)
                                (no ring)

@: no status effects
A: almost no armour, amphibious, 8 rings, camouflage 1, gelatinous body 1,
(nimble swimmer 1), tentacles
a: no special abilities


You were on level 2 of the Dungeon.
You visited 1 branch of the dungeon, and saw 2 of its levels.

You collected 48 gold pieces.

Inventory:

Hand Weapons
 b - a +2 sling of flaming
Armour
 e - a +0 cloak
Scrolls
 d - a scroll of amnesia
 f - a scroll of identify
 g - a scroll of fear
 h - a scroll of magic mapping
Potions
 a - a potion of magic
 c - a potion of heal wounds {unknown}


   Skills:
 * Level 0.1 Fighting
 + Level 2.1 Dodging
 - Level 2.7 Stealth
 * Level 0.3 Unarmed Combat
 + Level 2.1 Spellcasting
 + Level 4.8 Conjurations


You had 5 spell levels left.
You knew the following spells:

 Your Spells              Type           Power      Damage    Failure   Level
a - Magic Dart            Conj           92%        1d7       1%          1

Your spell library contained the following spells:

 Spells                   Type           Power      Damage    Failure   Level
 Searing Ray              Conj           46%        2d6       2%          2
 Dazzling Flash           Conj/Hex       24%        N/A       16%         3
 Fulminant Prism          Conj/Hex       6%         3d7       45%         4
 Iskenderun's Mystic Bla  Conj/Tloc      12%        2d5       45%         4
 Petrify                  Tmut/Erth      2%         N/A       80%         4
 Metabolic Englaciation   Hex/Ice        1%         N/A       98%         5
 Statue Form              Tmut/Erth      1%         N/A       100%        6


Dungeon Overview and Level Annotations

Branches:
Dungeon (2/15)

Altars:

Shops:
D:1 (

Annotations:
D:2 Robin


Innate Abilities, Weirdness & Mutations

You cannot wear most types of armour.
You are amphibious.
You can wear up to eight rings at the same time.
Your skin changes colour to match your surroundings (Stealth+).
Your rubbery body absorbs attacks. (AC +1, EV +1)
((You are camouflaged when in or above water. (Stealth+)))
You have tentacles for arms and can constrict up to eight enemies at once.


Message History

You constrict the goblin.
Robin shouts!
The goblin shouts! x6
The goblin hits you with a +0 dagger. The goblin completely misses you.
The goblin closely misses you. The goblin barely misses you. x2
Unknown command.
Unknown command.
Unknown command.
Unknown command.
Unknown command.
Unknown command.
Unknown command.
Unknown command.
Unknown command.
Unknown command.
Unknown command.
Unknown command.
Unknown command.
Unknown command.
Unknown command.
Unknown command.
Unknown command.
Unknown command.
Unknown command.
You tentacle-slap the goblin.
You kill the goblin!
The goblin misses you. The goblin hits you with a +0 dagger.
The goblin closely misses you.
You closely miss the goblin. You grab the goblin. You tentacle-slap the goblin.
The goblin is severely wounded.
You constrict the goblin.
You kill the goblin!
The goblin closely misses you. The goblin hits you with a +0 dagger.
The goblin hits you with a +0 club.
You closely miss the goblin. Your grab misses the goblin.
The goblin hits you with a +0 dagger.
* * * LOW HITPOINT WARNING * * *
The goblin misses you. The goblin hits you with a +0 club.
* * * LOW HITPOINT WARNING * * *
The goblin hits you with a +0 club.
You die...

# .#
#####.#
#.ggg.#
#####ggg..#
#....g@gg#
#..########


You could see Robin and 8 goblins.

Vanquished Creatures
  4 endoplasms
  2 giant cockroaches
  2 goblins (D:2)
  5 hobgoblins (D:1)
  A quokka (D:1)
  3 ball pythons (D:1)
  2 bats (D:1)
  4 frilled lizards (D:1)
  2 kobolds (D:1)
  4 rats (D:1)
29 creatures vanquished.

Notes
Turn   | Place    | Note
-------+----------+-------------------------------------------
     0 | D:1      | GorkyZ the Octopode Conjurer began the quest for the Orb.
     0 | D:1      | Reached XP level 1. HP: 11/11 MP: 3/3
   338 | D:1      | Found Wanis's Antique Weapon Shop.
   358 | D:1      | Reached XP level 2. HP: 17/17 MP: 1/5
  1096 | D:1      | Reached XP level 3. HP: 21/21 MP: 3/6
  1294 | D:1      | Found a faded altar of an unknown god.
  1438 | D:2      | Noticed Robin
  1442 | D:2      | HP: 1/21 [goblin/+0 club[Robin] (4)]
  1442 | D:2      | Slain by a goblin

Illustrated notes

Levels and vault maps discovered:
D:1:      spicycebolla_green_bress_n_ham_2, layout_basic,
          shapermc_ecumenical_altar_mp_vishouse, serial_shops, shop_fountains,
          item_on_display_a
D:2:      layout_rooms, grunt_ministairs_1, uniq_robin

Action                   || total
-------------------------++-------
Melee: Unarmed           ||     5
       Constrict         ||     2
       Punch             ||     1
 Cast: Magic Dart        ||    51
  Use: Scroll            ||     4
 Stab: Sleeping          ||     1
Dodge: Dodged            ||    13
